 Dungeon Crawl Stone Soup version 0.30-a0-748-ge6a52f7cba (webtiles) character file.

Game seed: 3419338829845626582

704245 browni3141 the Impregnable (level 27, -11/247 HPs)
             Began as a Human Gladiator on Feb 9, 2023.
             Was an Initiate of Gozag.
             Mangled by an Ice Fiend (18 damage)
             ... on level 8 of a ziggurat.
             The game lasted 04:26:04 (85644 turns).

browni3141 the Impregnable (Human Gladiator)       Turns: 85644, Time: 04:26:05

Health: -11/247    AC: 42    Str: 35 (36) XL:     27
Magic:  27/27      EV: 22    Int:  8      God:    Gozag
Gold:   11172      SH:  0    Dex: 18      Spells: 31/32 levels left

rFire   . . .      SeeInvis +    a - +9 lajatang (speed)
rCold   + . .      Faith    .    (shield currently unavailable)
rNeg    + + .      Spirit   .    U - +6 pearl dragon scales
rPois   +          Reflect  .    A - +2 hat {SInv}
rElec   .          Harm     .    p - +2 ratskin cloak {*Rats rPois rN+ Str-1 Int-1 Dex+1}
rCorr   .          Rampage  .    R - +2 pair of gloves {Dex+3}
Will    +++..                    M - +2 pair of boots
Stlth   ++                       l - amulet "Oleoniet" {RegenMP Regen+ Str+3 SInv}
HPRegen 1.41/turn                i - +7 ring of slaying
MPRegen 0.60/turn                Z - ring "Zuestoac" {rF+ rC+ Will+ Str+3 SInv}

@: gold aura, attractive, studying 3 skills
A: horns 1, strong 1, heat vulnerability 1
}: 5/15 runes: decaying, slimy, silver, abyssal, gossamer
a: Renounce Religion, Potion Petition, Call Merchant, Bribe Branch


You were on level 8 of a ziggurat.
You worshipped Gozag.
Gozag was extremely pleased with you.
You visited 13 branches of the dungeon, and saw 57 of its levels.
You visited the Abyss 3 times.
You visited 1 ziggurat, and saw 8 of its levels.
You also visited: Ossuary, Bailey, Ice Cave and Volcano.

You collected 36677 gold pieces.
You spent 8938 gold pieces at shops.
You paid 16567 gold pieces to Gozag.

Inventory:

Hand Weapons
 a - a +9 lajatang of speed (weapon)
 b - a +9 antimagic lajatang
Missiles
 d - 8 throwing nets (quivered)
 s - 20 curare-tipped darts
 y - 8 atropa-tipped darts
 Q - 14 boomerangs of dispersal
Armour
 p - the +2 ratskin cloak (worn) {*Rats rPois rN+ Str-1 Int-1 Dex+1}
   (You found it in a bailey)

   *Rats:     When the wearer is hurt, rats may emerge from it to assist them.
   Str:       It affects your strength (-1).
   Int:       It affects your intelligence (-1).
   Dex:       It affects your dexterity (+1).
   rPois:     It protects you from poison.
   rN:        It protects you from negative energy.
 A - a +2 hat of see invisible (worn)
 F - +11 gold dragon scales
 M - a +2 pair of boots (worn)
 R - a +2 pair of gloves of dexterity (worn)
 T - the +2 cloak "Werax" {rElec rC+ rCorr}
   (You bought it in a shop on level 2 of the Depths)

   rC:        It protects you from cold.
   rElec:     It insulates you from electricity.
   rCorr:     It protects you from acid and corrosion.
 U - +6 pearl dragon scales (worn)
Jewellery
 e - the ring "Ulommot" {rF+ Int+4}
   (You took it off a deep elf death mage on level 3 of the Elven Halls)

   [ring of protection from fire]

   Int:       It affects your intelligence (+4).
   rF:        It protects you from fire.
 i - a +7 ring of slaying (left hand)
 l - the amulet "Oleoniet" (around neck) {RegenMP Regen+ Str+3 SInv}
   (You bought it in a shop on level 2 of the Depths)

   [amulet of magic regeneration]

   It increases your rate of magic regeneration.
   Str:       It affects your strength (+3).
   SInv:      It lets you see invisible.
   Regen:     It increases your rate of health regeneration.
 n - the ring "Xugheov" {Ice rPois Will+ Str-2 Int+4}
   (You found it on level 4 of the Lair of Beasts)

   [ring of ice]

   It enhances your ice magic.
   Str:       It affects your strength (-2).
   Int:       It affects your intelligence (+4).
   rF:        It makes you vulnerable to fire.
   rC:        It protects you from cold.
   rPois:     It protects you from poison.
   Will:      It increases your willpower.
 r - the ring "Gaorphovo" {rCorr SInv}
   (You found it on level 3 of the Swamp)

   [ring of resist corrosion]

   SInv:      It lets you see invisible.
   rCorr:     It protects you from acid and corrosion.
 t - the ring of Wishful Thinking {Fly rElec SInv}
   (You acquired it on level 3 of the Dungeon)

   [ring of flight]

   rElec:     It insulates you from electricity.
   SInv:      It lets you see invisible.
   Fly:       It grants you flight.
 Z - the ring "Zuestoac" (right hand) {rF+ rC+ Will+ Str+3 SInv}
   (You bought it in a shop on level 2 of the Depths)

   [ring of protection from cold]

   Str:       It affects your strength (+3).
   rF:        It protects you from fire.
   rC:        It protects you from cold.
   SInv:      It lets you see invisible.
   Will:      It increases your willpower.
Wands
 k - a wand of quicksilver (33)
 o - a wand of digging (14)
 G - a wand of charming (20)
 J - a wand of roots (15)
 W - a wand of mindburst (18)
Scrolls
 f - 13 scrolls of vulnerability
 h - 16 scrolls of teleportation
 q - 5 scrolls of immolation
 u - 5 scrolls of fear
 z - 10 scrolls of silence
 B - 7 scrolls of magic mapping
 K - 4 scrolls of summoning
 L - 11 scrolls of fog
 N - 3 scrolls of blinking
 X - 7 scrolls of poison
Potions
 c - 7 potions of haste
 g - 4 potions of lignification
 m - 3 potions of invisibility
 v - 8 potions of berserk rage
 w - 7 potions of ambrosia
 C - 7 potions of attraction
 D - 29 potions of curing
 O - 5 potions of resistance
 P - 8 potions of cancellation
 S - 7 potions of might
 Y - 20 potions of heal wounds
Miscellaneous
 j - a lightning rod (4/4)
 x - a tin of tremorstones (2/2)
 E - a condenser vane
 H - a phial of floods
 I - a phantom mirror
 V - a box of beasts


   Skills:
 + Level 26.8 Fighting
 * Level 21.6 Staves
 - Level 2.0 Ranged Weapons
 - Level 2.0 Throwing
 - Level 26.9 Armour
 + Level 18.1 Dodging
 - Level 6.0 Stealth
 - Level 3.0 Spellcasting
 - Level 7.0 Translocations
 - Level 20.3 Evocations


You had 31 spell levels left.
You knew the following spells:

 Your Spells              Type           Power      Damage    Failure   Level
a - Apportation           Tloc           24%        N/A       2%          1

Your spell library contained the following spells:

 Spells                   Type           Power      Damage    Failure   Level
 Blink                    Tloc           24%        N/A       3%          2
 Lesser Beckoning         Tloc           24%        N/A       3%          2
 Gell's Gravitas          Tloc           12%        N/A       8%          3
 Momentum Strike          Conj/Tloc      12%        3d8       16%         2
 Passage of Golubria      Tloc           12%        N/A       24%         4
 Portal Projectile        Hex/Tloc       12%        N/A       30%         3
 Vhi's Electric Charge    Tloc/Air       12%        N/A       30%         3
 Beastly Appendage        Tmut           2%         N/A       41%         1
 Foxfire                  Conj/Fire      4%         2x1d4     41%         1
 Kiss of Death            Conj/Necr      4%         2d5       41%         1
 Magic Dart               Conj           4%         1d3       41%         1
 Necrotise                Necr           4%         1d4       41%         1
 Sandblast                Erth           2%         2d4       41%         1
 Shock                    Conj/Air       4%         1d3       41%         1
 Slow                     Hex            4%         N/A       41%         1
 Summon Small Mammal      Summ           4%         N/A       41%         1
 Kindle Blastsparks       Fire/Tloc/Air  8%         2d10      45%         3
 Cigotuvi's Dreadful Rot  Necr/Pois/Air  2%         N/A       54%         2
 Ensorcelled Hibernation  Hex/Ice        2%         N/A       54%         2
 Passwall                 Tmut/Erth      0%         N/A       54%         2
 Poisonous Vapours        Pois/Air       2%         N/A       54%         2
 Scorch                   Fire           2%         2d5       54%         2
 Searing Ray              Conj           2%         2d4       54%         2
 Static Discharge         Conj/Air       2%         2-3/arc   54%         2
 Sublimation of Blood     Necr           1%         N/A       54%         2
 Wereblood                Tmut           1%         N/A       54%         2
 Iskenderun's Mystic Bla  Conj/Tloc      6%         2d4       71%         4
 Call Canine Familiar     Summ           1%         N/A       78%         3
 Confusing Touch          Hex            1%         N/A       78%         3
 Dazzling Flash           Conj/Hex       2%         N/A       78%         3
 Hailstorm                Conj/Ice       1%         3d3       78%         3
 Ignite Poison            Fire/Tmut/Pois 1%         N/A       78%         3
 Inner Flame              Hex/Fire       1%         N/A       78%         3
 Mephitic Cloud           Conj/Pois/Air  1%         N/A       78%         3
 Ozocubu's Armour         Ice            1%         N/A       78%         3
 Stone Arrow              Conj/Erth      2%         3d7       78%         3
 Summon Guardian Golem    Hex/Summ       1%         N/A       78%         3
 Swiftness                Air            1%         N/A       78%         3
 Tukima's Dance           Hex            1%         N/A       78%         3
 Vampiric Draining        Necr           1%         2d6       78%         3
 Summon Forest            Summ/Tloc      3%         N/A       96%         5
 Dispersal                Tloc           6%         N/A       98%         6
 Airstrike                Air            0%         2d(1-17)  99%         4
 Anguish                  Hex/Necr       0%         N/A       99%         4
 Cause Fear               Hex            0%         N/A       99%         4
 Dispel Undead            Necr           1%         3d6       99%         4
 Flame Wave               Conj/Fire      1%         2d4       99%         4
 Fulminant Prism          Conj/Hex       0%         3d5       99%         4
 Ice Form                 Ice/Tmut       1%         N/A       99%         4
 Leda's Liquefaction      Hex/Erth       0%         N/A       99%         4
 Petrify                  Tmut/Erth      1%         N/A       99%         4
 Sticky Flame             Conj/Fire      1%         2d3       99%         4
 Summon Ice Beast         Ice/Summ       1%         N/A       99%         4
 Alistair's Intoxication  Tmut/Pois      0%         N/A       100%        5
 Arcjolt                  Conj/Air       0%         1d10      100%        5
 Blade Hands              Tmut           0%         N/A       100%        5
 Borgnjor's Vile Clutch   Necr/Erth      0%         N/A       100%        5
 Fireball                 Conj/Fire      0%         3d3       100%        5
 Freezing Cloud           Conj/Ice/Air   0%         6-21      100%        5
 Irradiate                Conj/Tmut      0%         3d11      100%        5
 Iskenderun's Battlesphe  Conj           1%         2d6       100%        5
 Lee's Rapid Deconstruct  Erth           0%         3d4*      100%        5
 Lightning Bolt           Conj/Air       0%         1d11      100%        5
 Metabolic Englaciation   Hex/Ice        0%         N/A       100%        5
 Summon Mana Viper        Hex/Summ       1%         N/A       100%        5
 Yara's Violent Unravell  Hex/Tmut       0%         3d3       100%        5
 Conjure Ball Lightning   Conj/Air       0%         3x3d6     100%        6
 Death Channel            Necr           0%         N/A       100%        6
 Iron Shot                Conj/Erth      0%         9d1       100%        6
 Starburst                Conj/Fire      0%         6d3       100%        6
 Statue Form              Tmut/Erth      0%         N/A       100%        6
 Summon Cactus Giant      Summ           0%         N/A       100%        6
 Dragon Form              Tmut           0%         N/A       100%        7
 Enfeeble                 Hex            0%         N/A       100%        7
 Malign Gateway           Summ/Tloc      3%         N/A       100%        7
 Monstrous Menagerie      Summ           0%         N/A       100%        7
 Orb of Destruction       Conj           0%         9d5       100%        7
 Ozocubu's Refrigeration  Ice            0%         4d7       100%        7
 Spellforged Servitor     Conj/Summ      0%         N/A       100%        7
 Storm Form               Tmut/Air       0%         N/A       100%        7
 Summon Hydra             Summ           0%         N/A       100%        7
 Discord                  Hex            0%         N/A       100%        8
 Disjunction              Tloc           6%         N/A       100%        8
 Ignition                 Fire           0%         3d3       100%        8
 Maxwell's Capacitive Co  Air            0%         ∞         100%        8
 Necromutation            Tmut/Necr      0%         N/A       100%        8
 Summon Horrible Things   Summ           0%         N/A       100%        8
 Dragon's Call            Summ           0%         N/A       100%        9
 Polar Vortex             Ice            0%         N/A       100%        9
 Animate Dead             Necr           Unusable   N/A       N/A         4
 Simulacrum               Ice/Necr       Unusable   N/A       N/A         6

Dungeon Overview and Level Annotations

Branches:
Dungeon (15/15)            Temple (1/1) D:7            Lair (5/5) D:11
  Swamp (4/4) Lair:2       Spider (4/4) Lair:2        Slime (5/5) Lair:4
    Orc (2/2) D:11            Elf (3/3) Orc:2        Vaults (5/5) D:14
  Crypt (3/3) Vaults:2       Tomb (1/3) Crypt:3      Depths (4/4) D:15
    Zot (5/5) Depths:4    Ossuary (visited)          Bailey (visited)
  IceCv (visited)         Volcano (visited)

Altars:
Ashenzari
Cheibriados
Dithmenos
Elyvilon
Fedhas
Gozag
Hepliaklqana
Kikubaaqudgha
Makhleb
Nemelex Xobeh
Okawaru
Qazlal
Ru
Sif Muna
Trog
Uskayaw
Vehumet
Wu Jian
Xom
Yredelemnul
Zin
Jiyva

Shops:
D:5 [=   D:10 =   D:11 [   D:15 *   Orc:1 (   Orc:2 :(*(   Elf:2 (
Depths:2 [[*[[=*?=

Portals:
Hell: Depths:1 Depths:2 Depths:3 Depths:4
Abyss: Depths:2 Depths:3
Pandemonium: Depths:2

Annotations:
Temple 2 transporters
Zot:2 6 transporters


Innate Abilities, Weirdness & Mutations

You have a pair of small horns on your head.
Your muscles are strong. (Str +4, Int/Dex -1)
You are vulnerable to heat. (rF-)


Message History

The blizzard demon gestures at you.
The bolt of cold hits the Ice Fiend.
The Ice Fiend completely resists.
The bolt of cold hits you but does no damage.
You resist.
An Ice Fiend comes into view.
The nargun hits you!
* * * LOW HITPOINT WARNING * * *
Your willpower is stripped away!
The nargun bites you but does no damage.
The Ice Fiend is attracted toward you.
The blizzard demon is attracted toward you.
The Ice Fiend is attracted toward you.
You feel yourself speed up. The tormentor closely misses you.
The tormentor misses you. The tormentor closely misses you.
The tormentor completely misses you. The Ice Fiend completely misses you.
The Ice Fiend claws you but does no damage.
A sphinx simulacrum comes into view.
You are slowing down.
The Ice Fiend calls on the powers of darkness!
Your river rat convulses!
Your body is wracked with pain!
* * * LOW HITPOINT WARNING * * *
The blizzard demon is attracted toward you.
The Ice Fiend is attracted toward you.
The sphinx simulacrum is attracted toward you.
Unknown command.
You feel limber!
Your magical effects are unravelling.
You feel magically purged.
You feel yourself slow down.
You feel your willpower return. The tormentor misses you.
The tormentor barely misses you.
Your river rat barely misses the Ice Fiend.
The Ice Fiend gestures at you. The bolt of cold hits you!! You resist.
* * * LOW HITPOINT WARNING * * *
The Ice Fiend misses you. The Ice Fiend claws you!
* * * LOW HITPOINT WARNING * * *
The Ice Fiend freezes you!! You resist.
You die...
Your body crumbles into a pile of gold.

▓▓▓▓▓▓▓▓▓▓
.........▓
.........▓
..§...2..▓▓▓▓▓
.§..§21@.....▓
$
§§.Z1.91r....▓
§............▓
.............▓
............∩▓
.............▓
.............▓
.............▓
...........▓


You could see 3 Ice Fiends, a blizzard demon, a nargun (ally target), a
tormentor, a sphinx simulacrum and a friendly river rat.

Vanquished Creatures
  the Royal Jelly (Slime:5)
  A dread lich (Vaults:1)
  An ancient lich (Abyss:3)
  Khufu (Crypt:2)
  Mennas (Crypt:2)
  2 orbs of fire
  Mara (Depths:2)
  A juggernaut (Depths:2)
  3 royal mummies
  Parghit (Zot:1)
  Frederick (Vaults:2)
  Margery (Crypt:1)
  2 Killer Klowns
  A shard shrike (Zig:8)
  3 curse toes
  A caustic shrike (Depths:2)
  8 golden dragons
  Jory (Vaults:4)
  Nikola (Swamp:3)
  the Enchantress (Depths:4)
  A pearl dragon (Abyss:2)
  A profane servitor (Abyss:3)
  An electric golem (Zot:5)
  2 bone dragons
  13 tentacled monstrosities
  14 Orb Guardians (Zot:5)
  12 liches
  An Ice Fiend (Zig:3)
  2 walking earthen tomes (Depths:2)
  6 quicksilver dragons
  3 deep elf blademasters
  A walking divine tome (Depths:2)
  7 titans
  9 death cobs
  2 deep elf master archers (Elf:3)
  29 acid blobs
  5 tentacled starspawn
  2 Executioners (Abyss:3)
  9 ancient champions
  11 storm dragons
  8 tengu reavers
  10 shadow dragons
  12 sphinxes
  Donald (Swamp:3)
  4 revenants
  2 fenstrider witches
  5 draconian monks
  6 fire giants
  14 frost giants
  9 azure jellies
  12 rockslimes
  6 iron dragons
  A draconian scorcher (Zot:2)
  8 deep elf sorcerers
  16 vault wardens
  3 draconian knights (Zot:4)
  2 balrugs
  9 emperor scorpions
  9 ghost moths
  Louise (D:15)
  A curse skull (Crypt:2)
  4 draconian shifters
  5 deep elf elementalists
  An orc warlord (Vaults:4)
  6 quicksilver oozes
  22 ironbound preservers
  3 broodmothers
  4 draconian stormcallers
  6 spriggan defenders
  14 ghouls
  A reaper (Depths:2)
  5 war gargoyles
  20 stone giants
  8 draconian annihilators
  25 very ugly things
  7 ironbound thunderhulks
  8 green draconians
  A lorocyproca (Abyss:2)
  8 deep elf demonologists
  A juggernaut skeleton (Crypt:1)
  14 vampire knights
  The ghost of BubbleThief the Impaler, a journeyman DsGl of Fedhas (D:10)
  5 eleionomae
  Nessos (D:12)
  6 white draconians
  9 purple draconians
  4 black draconians
  20 yellow draconians
  22 dire elephants
  5 deep elf annihilators
  3 bunyips
  9 spark wasps
  5 red draconians
  13 deep elf death magi
  4 eidola
  2 green deaths
  9 mummy priests
  Snorg (Lair:3)
  8 fire dragons
  2 crystal guardians
  9 jiangshi
  3 entropy weavers
  17 ettins
  A spriggan zombie (Crypt:1)
  8 great orbs of eyes
  3 shambling mangroves
  5 rakshasas
  9 ice dragons
  29 hydras
  40 vault guards
  3 peacekeepers
  A fenstrider witch zombie (Crypt:3)
  Harold (Lair:2)
  A hydra (shapeshifter) (Depths:2)
  A fenstrider witch skeleton (Crypt:3)
  6 deep elf high priests
  2 catoblepae
  18 yaktaur captains
  3 ghost crabs
  4 radroaches
  17 centaur warriors
  12 ironbound frosthearts
  3 ogre magi
  2 anacondas (shapeshifter) (Vaults:5)
  6 spriggan air magi
  An anaconda (Abyss:3)
  3 death knights
  12 two-headed ogres
  9 death yaks
  8 alligators
  7 boulder beetles
  4 tengu warriors
  2 naga warriors (Abyss:2)
  15 death scarabs
  21 dancing weapons
  7 deep troll earth magi
  9 deep troll shamans
  A titan zombie (Abyss:2)
  An orc high priest (Elf:1)
  11 vampire magi
  A hell hog (Abyss:3)
  2 spriggan berserkers
  13 thrashing horrors
  3 soul eaters
  Nergalle (Orc:1)
  15 deep elf knights
  13 hell knights
  6 sun demons
  3 pharaoh ants
  A shadow wraith (Crypt:2)
  2 titan skeletons
  7 wretched stars
  8 iron trolls
  4 sun moths
  2 spatial maelstroms (Abyss:3)
  3 sixfirhies
  27 skeletal warriors
  6 glowing orange brains
  4 goliath frogs
  8 orb spiders
  2 spriggan druids
  5 flayed ghosts
  3 obsidian statues
  A quicksilver dragon simulacrum (Zig:3)
  A spark wasp zombie (Crypt:3)
  60 deep trolls
  4 bog bodies
  3 lindwurms (Vaults:2)
  2 orange crystal statues
  10 wizards
  6 swamp dragons
  2 spriggan simulacra (Crypt:2)
  11 deep elf archers
  3 harpies (Vaults:2)
  20 deep elf pyromancers
  17 ironbound convokers
  7 orc knights
  12 phantasmal warriors
  Pikel (D:4)
  An iron dragon zombie (Crypt:1)
  18 deep elf zephyrmancers
  3 oklob plants (Zot:2)
  9 steelbarb worms
  15 necromancers
  A mana viper (Abyss:3)
  14 wolf spiders
  53 ugly things
  2 shadow dragon skeletons
  4 cyclopes
  3 manticores
  22 moths of wrath
  3 will-o-the-wisps
  6 orc sorcerers
  8 shining eyes
  A sphinx skeleton (Vaults:5)
  A rust devil (Abyss:3)
  18 elephants
  2 guardian serpents (Abyss:2)
  3 iron dragon skeletons
  An ice statue (Zig:3)
  A centaur zombie (Crypt:3)
  4 black mambas
  2 apocalypse crabs (Abyss:3)
  An elephant (shapeshifter) (Depths:3)
  4 demonic crawlers
  3 smoke demons
  14 vault sentinels
  A centaur skeleton (Crypt:1)
  5 torpor snails
  3 orange demons
  2 eyes of devastation
  2 titan simulacra
  A shock serpent skeleton (Crypt:1)
  A white draconian zombie (Crypt:2)
  A red draconian zombie (Crypt:3)
  2 hellions
  4 gargoyles
  A catoblepas zombie (Crypt:3)
  7 komodo dragons
  5 rime drakes
  6 cane toads
  An unseen horror (D:10)
  18 yaktaurs
  9 freezing wraiths
  A death yak skeleton (Crypt:3)
  A dire elephant skeleton (Tomb:1)
  2 efreet
  2 yaktaurs (shapeshifter)
  20 guardian mummies
  7 ancient zymes
  An ice devil (Lair:4)
  2 tengu conjurers
  An anaconda simulacrum (IceCv)
  A bloated husk (Swamp:2)
  8 trolls
  A golden dragon simulacrum (IceCv)
  6 polar bears
  Grinder (D:4)
  8 meliai
  A queen bee (shapeshifter) (D:12)
  A queen bee (Abyss:3)
  10 tyrant leeches
  A hydra skeleton (Crypt:1)
  A shadow dragon simulacrum (Zig:7)
  9 raiju
  A wind drake (shapeshifter) (Elf:3)
  24 tarantellas
  7 dream sheep
  14 hornets
  A stone giant simulacrum (Vaults:5)
  A death drake skeleton (Crypt:2)
  16 large abominations
  97 slime creatures
  A centaur simulacrum (D:14)
  3 shadows
  6 water elementals
  2 alligator skeletons (Volcano)
  3 dire elephant simulacra
  A guardian serpent skeleton (Crypt:2)
  11 spriggans
  An ettin skeleton (Crypt:2)
  23 jumping spiders
  22 flying skulls
  8 wraiths
  A naga simulacrum (Abyss:3)
  5 wyverns
  A spriggan (shapeshifter) (D:15)
  51 yaks
  18 culicivoras
  3 vampires
  2 ynoxinuls
  A fire dragon skeleton (Crypt:3)
  A golden eye (shapeshifter) (D:14)
  2 air elementals
  6 basilisks
  2 fire elementals
  4 ushabtiu (Tomb:1)
  6 fire bats
  10 golden eyes
  4 neqoxecs
  15 starcursed masses
  A steam dragon (shapeshifter) (Abyss:3)
  4 chaos spawn
  24 vampire mosquitoes
  40 redbacks
  4 spatial vortices (Abyss:3)
  3 acid dragons
  2 swamp worms (shapeshifter) (Vaults:5)
  4 wargs
  5 swamp worms
  A harpy simulacrum (IceCv)
  A water nymph zombie (Crypt:3)
  A naga (shapeshifter) (Zig:5)
  2 nagas (Abyss:2)
  13 water moccasins
  9 small abominations
  A two-headed ogre skeleton (Crypt:2)
  A floating eye (shapeshifter) (Depths:3)
  14 swamp drakes
  A glowing shapeshifter skeleton (Vaults:5)
  60 orc warriors
  3 ice beasts
  A black bear (shapeshifter) (Zig:6)
  A dream sheep zombie (Crypt:1)
  A manticore zombie (Crypt:1)
  4 sky beasts
  An ettin simulacrum (IceCv)
  8 ogres
  A merfolk simulacrum (Crypt:2)
  11 boggarts
  10 wolves
  16 centaurs
  2 phantoms
  A swamp dragon skeleton (Tomb:1)
  2 lemures (D:3)
  8 bullfrogs
  9 necrophages
  3 earth elementals
  2 gnoll sergeants
  5 scorpions
  9 wights
  A water moccasin skeleton (Crypt:3)
  5 killer bees (D:10)
  2 lindwurm simulacra (IceCv)
  A polar bear skeleton (Crypt:1)
  4 electric eels
  5 howler monkeys
  3 spriggan skeletons
  6 hounds
  A jelly (shapeshifter) (Depths:2)
  A quasit (Abyss:2)
  A human zombie (Ossuary)
  2 iron imps
  24 jellies
  25 orc priests
  Terence (D:3)
  5 iguanas
  A human skeleton (Crypt:2)
  24 orc wizards
  3 troll simulacra (Lair:4)
  A polar bear simulacrum (Lair:4)
  A naga skeleton (Volcano)
  The ghost of Esekla the Sneak, a weakling OpDe (D:5)
  23 mummies
  A howler monkey skeleton (Crypt:2)
  18 gnolls
  9 adders
  A shadow imp (D:7)
  8 white imps
  2 ufetubi
  An adder skeleton (Crypt:1)
  2 worms
  A dart slug (D:5)
  97 orcs
  9 ball pythons
  6 bats
  3 endoplasms
  A giant cockroach (D:3)
  10 goblins
  9 hobgoblins
  4 jackals (D:2)
  8 quokkas
  A ball python (shapeshifter) (D:13)
  3 frilled lizards
  3 gnoll zombies (Ossuary)
  A goblin skeleton (Crypt:3)
  A goblin zombie (Ossuary)
  5 hobgoblin zombies
  10 kobolds
  A kobold zombie (Crypt:3)
  6 orc zombies (Ossuary)
  8 rats
  6 plants (Lair:2)
  6 starspawn tentacles
2625 creatures vanquished.

Vanquished Creatures (collateral kills)
  2 dread liches (Zot:5)
  An orb of fire (Zot:5)
  Sojobo (Depths:1)
  2 Orb Guardians (Zot:5)
  Zenata (Crypt:2)
  A sphinx (Vaults:5)
  An acid blob (Slime:5)
  2 ancient champions (Crypt:3)
  2 storm dragons (Zot:5)
  2 draconian monks
  A fire giant (Depths:4)
  An azure jelly (Slime:5)
  2 vault wardens (Vaults:3)
  A draconian shifter (Zot:5)
  A draconian annihilator (Zot:2)
  A very ugly thing (Depths:2)
  A stone giant (Depths:1)
  A black draconian (Zot:5)
  A white draconian (Zot:5)
  A red draconian (Zot:5)
  A rakshasa (Depths:1)
  A dancing weapon (Elf:2)
  An iron troll (Depths:3)
  2 skeletal warriors (Crypt:3)
  A phantasmal warrior (D:14)
  An ironbound convoker (Vaults:3)
  A manticore (D:10)
  4 ugly things
  An elephant (Lair:5)
  A shining eye (Slime:1)
  A rime drake (Lair:4)
  A tengu conjurer (Depths:1)
  3 komodo dragons
  A yaktaur (Vaults:4)
  A freezing wraith (IceCv)
  A polar bear (Lair:4)
  A jumping spider (Spider:3)
  A slime creature (Lair:4)
  A vampire mosquito (D:12)
  A redback (Spider:4)
  A water moccasin (Lair:4)
  A wolf (Lair:4)
  A jelly (Lair:4)
  An iron imp (Abyss:2)
  A white imp (Abyss:3)
  2 orcs (Orc:1)
59 creatures vanquished.

Vanquished Creatures (others)
  A dread lich (Zot:5)
  An orb of fire (Zot:5)
  An ancient lich (Zot:5)
  A Killer Klown (Zot:5)
  2 golden dragons (Zot:4)
  An electric golem (Zot:5)
  A tentacled monstrosity (Zot:4)
  7 Orb Guardians (Zot:5)
  2 death cobs (Zot:4)
  A shadow dragon (Zot:5)
  A ghost moth (Zot:4)
  3 draconian shifters
  An eleionoma (Zot:5)
  A green draconian (Zot:5)
  2 black draconians (Zot:4)
  A red draconian (Zot:5)
  2 yellow draconians (Zot:4)
  4 purple draconians
  A glowing orange brain (Depths:4)
  A deep elf zephyrmancer (Elf:1)
  2 moths of wrath
  4 bloated husks
  A ynoxinul (Abyss:3)
  2 bushes
  16 foxfires
  9 fungi
  61 plants
  5 starspawn tentacles
  6 withered plants (Depths:2)
141 creatures vanquished.

Grand Total: 2825 creatures vanquished

Notes
Turn   | Place    | Note
-------+----------+-------------------------------------------
     0 | D:1      | browni3141 the Human Gladiator began the quest for the Orb.
     0 | D:1      | Reached XP level 1. HP: 16/16 MP: 1/1
    41 | D:1      | Reached XP level 2. HP: 22/22 MP: 2/2
   236 | D:1      | Reached XP level 3. HP: 26/28 MP: 3/3
   567 | D:2      | Reached skill level 1 in Ranged Weapons
   567 | D:2      | Reached XP level 4. HP: 26/34 MP: 4/4
   648 | D:2      | Found a faded altar of an unknown god.
   959 | D:2      | Reached XP level 5. HP: 30/40 MP: 5/5
  1596 | D:3      | Noticed Terence
  1624 | D:3      | Killed Terence
  1625 | D:3      | Reached skill level 1 in Evocations
  1740 | D:3      | Reached XP level 6. HP: 36/47 MP: 6/6
  1741 | D:3      | Reached skill level 1 in Armour
  2203 | D:3      | Identified a scroll of acquirement
  2491 | D:3      | Acquired the ring of Wishful Thinking {Fly rElec SInv}
  2518 | D:4      | Noticed Grinder
  2521 | D:4      | Paralysed by Grinder for 4 turns
  2524 | D:4      | Noticed Pikel
  2526 | D:4      | Paralysed by Grinder for 3 turns
  2537 | D:4      | Killed Grinder
  2538 | D:4      | Reached skill level 5 in Staves
  2538 | D:4      | Reached XP level 7. HP: 26/52 MP: 7/7
  2541 | D:4      | Killed Pikel
  2542 | D:4      | Reached XP level 8. HP: 26/60 MP: 8/8
  2752 | D:4      | Found an iron altar of Okawaru.
  3169 | D:5      | Entered Level 5 of the Dungeon
  3169 | D:5      | Found Aqaetoc's Armour Shoppe.
  3173 | D:5      | Bought a +2 leather armour of poison resistance for 240
                  | gold pieces
  3454 | D:5      | Found Iqeas's Jewellery Shoppe.
  3804 | D:5      | Reached skill level 5 in Fighting
  4032 | D:4      | Reached XP level 9. HP: 53/68 MP: 9/9
  4314 | D:5      | Identified the +8 short sword of Dissolution {antimagic,
                  | Fly}
  4346 | D:5      | Found a runed translucent door.
  4641 | D:5      | Noticed Esekla's ghost (weakling OpDe)
  4655 | D:5      | Killed Esekla's ghost
  5538 | D:7      | HP: 1/69 [orc/+0 trident (3)]
  5559 | D:7      | Found a staircase to the Ecumenical Temple.
  5915 | Temple   | Entered the Ecumenical Temple
  5915 | Temple   | Found a transporter.
  5915 | Temple   | Found a transporter.
  5917 | Temple   | Found a transporter.
  5917 | Temple   | Found a transporter.
  5932 | Temple   | Became a worshipper of Gozag Ym Sagoz the Greedy
  6055 | D:7      | Reached skill level 10 in Staves
  6446 | D:7      | Reached skill level 1 in Stealth
  6453 | D:7      | Reached XP level 10. HP: 75/77 MP: 10/10
  6506 | D:7      | Found a snail-covered altar of Cheibriados.
  6513 | D:7      | Found a shimmering altar of Xom.
  6513 | D:7      | Found a sacrificial altar of Ru.
  6791 | D:8      | Found a sand-covered staircase.
  6806 | Ossuary  | Entered an ossuary
  7114 | D:8      | Found an ancient bone altar of Kikubaaqudgha.
  7219 | D:8      | Reached skill level 5 in Stealth
  7272 | D:8      | Found a flagged portal.
  7289 | Bailey   | Entered a bailey
  8332 | Bailey   | Found the +2 ratskin cloak {*Rats rPois rN+ Str-1 Int-1
                  | Dex+1}
  8709 | D:8      | Reached XP level 11. HP: 54/86 MP: 11/11
 10580 | D:9      | Reached skill level 5 in Armour
 10900 | D:10     | Entered Level 10 of the Dungeon
 11392 | D:5      | Bought an amulet of regeneration for 360 gold pieces
 11569 | D:10     | Found Cusaumis's One-of-a-Kind Rings.
 11574 | D:10     | Bought the ring "Jouhomup" {rPois Str+4} for 601 gold
                  | pieces
 11677 | D:10     | Noticed a cyclops
 11687 | D:10     | a cyclops changed into a moth of wrath
 11687 | D:10     | Noticed a moth of wrath
 11698 | D:10     | Killed a moth of wrath
 11741 | D:10     | You are sucked into a shaft and drop 3 floors!
 12028 | D:10     | Noticed a two-headed ogre
 12411 | D:10     | Reached XP level 12. HP: 59/95 MP: 12/12
 12464 | D:10     | Found a runed translucent gate.
 12466 | D:10     | Found a runed translucent gate.
 12466 | D:10     | Found a runed translucent gate.
 12467 | D:10     | Noticed BubbleThief's ghost (journeyman DsGl)
 12768 | D:10     | a two-headed ogre changed into an eye of devastation
 13231 | D:11     | Noticed a two-headed ogre
 13422 | D:11     | Killed a two-headed ogre
 13514 | D:11     | Found Illuryestro's Armour Boutique.
 13514 | D:11     | Found a staircase to the Orcish Mines.
 13647 | D:11     | Found a staircase to the Lair.
 13721 | D:11     | Noticed a two-headed ogre
 13770 | D:11     | Killed a two-headed ogre
 14005 | Lair:1   | Entered Level 1 of the Lair of Beasts
 14933 | Lair:2   | Noticed Harold
 14952 | Lair:2   | Killed Harold
 15128 | Lair:2   | Reached XP level 13. HP: 103/103 MP: 13/13
 15180 | Lair:2   | Found a staircase to the Swamp.
 15525 | Lair:2   | Acquired 1194 gold pieces
 15603 | D:10     | Bought a +7 ring of slaying for 2934 gold pieces
 15796 | Lair:2   | Reached skill level 10 in Fighting
 16235 | Lair:2   | Reached skill level 5 in Dodging
 16316 | Lair:2   | Noticed a four-headed hydra
 16321 | Lair:2   | Killed a four-headed hydra
 16386 | Lair:2   | Found a hole to the Spider Nest.
 16836 | Lair:3   | Reached skill level 10 in Armour
 16903 | Lair:3   | Noticed a catoblepas
 16934 | Lair:3   | Killed a catoblepas
 16935 | Lair:3   | Reached skill level 5 in Evocations
 17187 | Lair:3   | Noticed Snorg
 17198 | Lair:3   | Killed Snorg
 17801 | Lair:4   | Found a staircase to the Slime Pits.
 17802 | Lair:4   | Found a viscous altar of Jiyva.
 18042 | Lair:4   | Identified the ring "Xugheov" {Ice rPois Will+ Str-2 Int+4}
 18715 | Lair:4   | Noticed an ice dragon
 18724 | Lair:4   | Killed an ice dragon
 18810 | Lair:4   | Reached XP level 14. HP: 101/114 MP: 14/14
 19164 | Lair:5   | Entered Level 5 of the Lair of Beasts
 20549 | Lair:5   | Reached skill level 15 in Fighting
 20611 | Lair:5   | Noticed a dire elephant
 20674 | Lair:5   | Killed a dire elephant
 20784 | Lair:5   | Acquired a +0 lajatang of speed
 21363 | Orc:1    | Entered Level 1 of the Orcish Mines
 21363 | Orc:1    | Noticed Nergalle
 21371 | Orc:1    | Killed Nergalle
 21447 | Orc:1    | Reached XP level 15. HP: 124/129 MP: 15/15
 21884 | Orc:1    | Found Qinoz's Weapon Shoppe.
 22093 | Orc:2    | Entered Level 2 of the Orcish Mines
 22125 | Orc:2    | Found a staircase to the Elven Halls.
 22587 | Orc:2    | Found a dark tunnel.
 22604 | Volcano  | Entered a volcano
 23382 | Orc:2    | Found Duhaycw's General Store.
 23382 | Orc:2    | Found Moer's Antique Weapon Emporium.
 23382 | Orc:2    | Found Teiloul's Book Shoppe.
 23385 | Orc:2    | Found Kymnu's Antique Weapon Boutique.
 23467 | Orc:2    | Bought a scroll of enchant weapon for 97 gold pieces
 23467 | Orc:2    | Bought a potion of cancellation for 104 gold pieces
 23467 | Orc:2    | Bought a scroll of identify for 26 gold pieces
 23853 | Orc:2    | Found a staircase to the Elven Halls.
 24142 | Orc:2    | Found Duhaycw's General Store.
 24142 | Orc:2    | Found Moer's Antique Weapon Emporium.
 24142 | Orc:2    | Found Teiloul's Book Shoppe.
 24145 | Orc:2    | Found Kymnu's Antique Weapon Boutique.
 24563 | D:12     | Identified the +7 battleaxe "Plog" {speed, rPois rC- MP+9
                  | Int+3}
 24666 | D:12     | Noticed Nessos
 24680 | D:12     | Killed Nessos
 25065 | D:12     | Found a transporter.
 25065 | D:12     | Found a transporter.
 25242 | D:10     | Killed BubbleThief's ghost
 26227 | D:14     | Reached XP level 16. HP: 143/143 MP: 16/16
 26786 | D:14     | Found a gate to the Vaults.
 27443 | D:15     | Entered Level 15 of the Dungeon
 27443 | D:15     | Found Voymaviv's General Store.
 27448 | D:15     | Bought a wand of charming (5) for 204 gold pieces
 27448 | D:15     | Bought a potion of curing for 51 gold pieces
 27560 | D:15     | Noticed Louise
 27579 | D:15     | Killed Louise
 27661 | D:15     | Reached skill level 10 in Evocations
 27753 | D:15     | Found a frozen archway.
 27820 | IceCv    | Entered an ice cave
 27901 | IceCv    | Found a transporter.
 27924 | IceCv    | Found a transporter.
 27998 | IceCv    | Identified the +6 chain mail of the Wasteland {Rampage
                  | Str-5 Int+6 Dex-3}
 28210 | D:15     | Found a staircase to the Depths.
 28840 | Spider:1 | Entered Level 1 of the Spider Nest
 28857 | Lair:2   | Reached XP level 17. HP: 151/151 MP: 17/17
 32315 | Spider:4 | Entered Level 4 of the Spider Nest
 32453 | Spider:4 | Reached XP level 18. HP: 140/160 MP: 18/18
 32597 | Spider:4 | Identified the +8 chain mail of the Furies {Will+}
 34054 | Spider:4 | Got a gossamer rune of Zot
 34073 | Spider:4 | Identified the +0 pair of gloves of the Sea {MP+9 Str+3}
 34919 | Swamp:1  | Entered Level 1 of the Swamp
 35073 | Swamp:1  | Reached skill level 15 in Armour
 36432 | Swamp:3  | Identified the ring "Gaorphovo" {rCorr SInv}
 36512 | Swamp:3  | Noticed Donald
 36523 | Swamp:3  | Killed Donald
 36565 | Swamp:3  | Noticed Nikola
 36575 | Swamp:3  | Killed Nikola
 36576 | Swamp:3  | Reached XP level 19. HP: 119/168 MP: 19/19
 37191 | Swamp:4  | Entered Level 4 of the Swamp
 38273 | Swamp:4  | Got a decaying rune of Zot
 38758 | Elf:1    | Entered Level 1 of the Elven Halls
 39064 | Elf:1    | Got the Volume of Energy
 39369 | Elf:1    | Paralysed by an air elemental for 1 turns
 39774 | Elf:2    | Reached XP level 20. HP: 103/178 MP: 20/20
 39935 | Elf:2    | Found Ubliyt's Weapon Shoppe.
 40024 | Elf:2    | Found a runed translucent gate.
 40024 | Elf:2    | Found a runed translucent gate.
 40025 | Elf:2    | Found a runed translucent gate.
 41172 | Elf:2    | Found Ubliyt's Weapon Shoppe.
 41395 | Elf:3    | Entered Level 3 of the Elven Halls
 41794 | Elf:3    | Found a shimmering blue altar of Sif Muna.
 42308 | Elf:3    | Reached skill level 10 in Dodging
 42315 | Elf:3    | Noticed a Brimstone Fiend
 42322 | Elf:3    | Noticed a Hell Sentinel
 42546 | Elf:3    | Identified the +1 robe of Uczatzik {Int+3}
 42585 | Elf:3    | Identified the ring "Ulommot" {rF+ Int+4}
 42676 | Elf:3    | Identified the +5 battleaxe of the Pariah {antimagic,
                  | Int+3}
 42940 | Elf:3    | Found the +16 obsidian axe {drain, demonic, Mesm Drain Fly
                  | SInv}
 42976 | Elf:3    | Got the Almanac of Changes and the Bonfire
 42980 | Elf:3    | Identified the +1 ring mail of Xom's Vengeance {rPois Dex-3
                  | Stlth+}
 42992 | Elf:3    | Got Ytead's Secrets of Kindling
 43013 | Elf:3    | Identified the amulet of Lust {RegenMP rCorr}
 43484 | Vaults:1 | Entered Level 1 of the Vaults
 43810 | Vaults:1 | Reached XP level 21. HP: 186/186 MP: 21/21
 44155 | Vaults:1 | Found a transporter.
 44156 | Vaults:1 | Found a shimmering blue altar of Sif Muna.
 44191 | Vaults:1 | Noticed a dread lich
 46225 | Vaults:2 | Noticed Frederick
 46241 | Vaults:2 | Killed Frederick
 46577 | Vaults:2 | Reached XP level 22. HP: 144/196 MP: 22/22
 46651 | Vaults:2 | Noticed a bone dragon
 46661 | Vaults:2 | Killed a bone dragon
 46662 | Vaults:2 | Found a staircase to the Crypt.
 48021 | Vaults:3 | Identified the +5 arbalest "Hofos" {flame, *Corrode rElec
                  | Str+4}
 48374 | Vaults:4 | Reached XP level 23. HP: 205/205 MP: 23/23
 49163 | Vaults:4 | Noticed Jory
 49183 | Vaults:4 | Killed Jory
 50101 | Crypt:1  | Entered Level 1 of the Crypt
 50193 | Crypt:1  | Reached XP level 24. HP: 211/214 MP: 23/23
 50292 | Crypt:1  | Noticed Margery
 50327 | Crypt:1  | Killed Margery
 50765 | Crypt:1  | Paralysed by a vampire knight for 2 turns
 51200 | Crypt:2  | Noticed Mennas
 51278 | Crypt:2  | Noticed Khufu
 51328 | Crypt:2  | Noticed Zenata
 51335 | Crypt:2  | Killed Zenata
 51412 | Crypt:2  | Identified the +3 hand axe of Shame {heavy, Dex+2}
 51771 | Crypt:2  | Killed Mennas
 52050 | Crypt:1  | Found a basalt altar of Yredelemnul.
 52121 | Crypt:2  | Noticed a royal mummy
 52129 | Crypt:2  | Killed Khufu
 52139 | Crypt:2  | Killed a royal mummy
 52184 | Crypt:3  | Entered Level 3 of the Crypt
 52837 | Crypt:3  | Reached XP level 25. HP: 193/221 MP: 23/23
 52987 | Crypt:3  | Reached skill level 15 in Staves
 53014 | Crypt:3  | Reached skill level 15 in Evocations
 53240 | Crypt:3  | Found a staircase to the Tomb.
 53682 | Crypt:3  | Noticed a curse toe
 53695 | Crypt:3  | Noticed a curse toe
 53699 | Crypt:3  | Killed a curse toe
 53707 | Crypt:3  | Killed a curse toe
 53711 | Crypt:3  | Found a basalt altar of Yredelemnul.
 53719 | Crypt:3  | Found an ancient bone altar of Kikubaaqudgha.
 53753 | Crypt:3  | Identified the +9 arbalest "Qoghis" {speed, Dex+3}
 53757 | Crypt:3  | Got Khufu's Opusculum on the Dead
 54050 | Depths:1 | Entered Level 1 of the Depths
 54054 | Depths:1 | Noticed Sojobo
 54059 | Depths:1 | Paralysed by an air elemental for 1 turns
 54068 | Depths:1 | Paralysed by an air elemental for 1 turns
 54072 | Depths:1 | Killed Sojobo
 54885 | Depths:1 | Found a sacrificial altar of Ru.
 55111 | Depths:1 | Found a gateway to Hell.
 55229 | Depths:2 | Found a one-way gate to the infinite horrors of the Abyss.
 55237 | Depths:2 | Noticed Mara
 55243 | Depths:2 | Noticed browni3141's illusion
 55249 | Depths:2 | Killed Mara
 55650 | Depths:2 | Found a one-way gate leading to the halls of Pandemonium.
 55840 | Depths:2 | Found an ancient bone altar of Kikubaaqudgha.
 56196 | Depths:2 | Noticed a juggernaut
 56228 | Depths:2 | Killed a juggernaut
 56258 | Depths:2 | You are sucked into a shaft and drop 2 floors!
 56258 | Depths:4 | Entered Level 4 of the Depths
 56421 | Depths:4 | Noticed the Enchantress
 56432 | Depths:4 | Killed the Enchantress
 56433 | Depths:4 | Reached XP level 26. HP: 180/231 MP: 23/23
 56811 | Depths:3 | Found an opulent altar of Gozag.
 56920 | Abyss:2  | Cast into level 2 of the Abyss (a wizard)
 56997 | Abyss:2  | Found a corrupted altar of Lugonu.
 57148 | Abyss:2  | Found a corrupted altar of Lugonu.
 57365 | Abyss:2  | Found a corrupted altar of Lugonu.
 57374 | Abyss:2  | Gained mutation: You sometimes lose your temper in combat.
                  | [a neqoxec]
 57515 | Depths:3 | Escaped the Abyss
 58004 | Depths:2 | Found the +4 Cigotuvi's embrace {Corpsefed rMiasma Drain
                  | rN+}
 58075 | Depths:2 | Paralysed by a sphinx for 4 turns
 58093 | Depths:2 | Identified the +8 shortbow of Toheptej {antimagic, rF-
                  | Str+5 SInv}
 58452 | Depths:3 | Acquired 1068 gold pieces
 59159 | Depths:3 | Got Umoxichy's Discourse on the Enchanting Geologist
 59712 | Depths:4 | Found a broken altar of Ashenzari.
 60020 | Depths:4 | Found a one-way gateway to a ziggurat.
 60046 | Depths:4 | Reached XP level 27. HP: 239/239 MP: 23/23
 60614 | Depths:4 | Found a gate to the Realm of Zot.
 61098 | D:14     | Lost mutation: You sometimes lose your temper in combat.
                  | [potion of mutation]
 61098 | D:14     | Gained mutation: You have sharp toenails. [potion of
                  | mutation]
 61098 | D:14     | Gained mutation: Your muscles are strong. (Str +4, Int/Dex
                  | -1) [potion of mutation]
 61098 | D:14     | Gained mutation: You have hidden genetic potential. [potion
                  | of mutation]
 61236 | Slime:1  | Entered Level 1 of the Pits of Slime
 61381 | Slime:1  | Gained mutation: You are vulnerable to cold. (rC-) [a
                  | shining eye]
 61847 | Slime:2  | Gained mutation: Armour fits poorly on your strangely
                  | shaped body. [a shining eye]
 63485 | Slime:5  | Entered Level 5 of the Pits of Slime
 63603 | Slime:5  | Gained mutation: Your body sometimes deteriorates upon
                  | taking damage. [a shining eye]
 63777 | Slime:5  | Noticed the Royal Jelly
 63931 | Slime:5  | Found a viscous altar of Jiyva.
 64077 | Slime:5  | Killed the Royal Jelly
 64253 | Slime:5  | HP: 1/240 [rockslime[the Royal Jelly] (34)]
 64659 | Slime:5  | Identified the +0 triple sword "Qoujaker" {freeze, Dex+2}
 64708 | Slime:5  | Got a slimy rune of Zot
 64730 | Slime:5  | Got Ycuotzue's Secrets of Cunning Angles
 64738 | Slime:5  | Identified the +1 broad axe "Gusaetai" {spect, rN+ rCorr
                  | Str+2}
 65546 | Slime:5  | Acquired 459 gold pieces
 65667 | Lair:5   | Lost mutation: Armour fits poorly on your strangely shaped
                  | body. [potion of mutation]
 65667 | Lair:5   | Lost mutation: You are vulnerable to cold. (rC-) [potion of
                  | mutation]
 65667 | Lair:5   | Gained mutation: You expend magic power (3 MP) to
                  | strengthen your wands. [potion of mutation]
 65952 | Zot:1    | Entered Level 1 of the Realm of Zot
 66334 | Zot:1    | Noticed Parghit
 66901 | Zot:1    | Killed Parghit
 67104 | Zot:2    | Found a transporter.
 67105 | Zot:2    | Found a transporter.
 67547 | Zot:2    | Found a transporter.
 67555 | Zot:2    | Found a transporter.
 67634 | Zot:2    | Found a transporter.
 67638 | Zot:2    | Found a transporter.
 67748 | Zot:2    | Gained mutation: You have great hidden genetic potential.
                  | [hidden potential]
 68299 | Zot:2    | You fall into a shaft and drop 1 floor!
 68674 | Zot:3    | Reached skill level 15 in Dodging
 69804 | Zot:4    | Noticed a Killer Klown
 70233 | Zot:4    | Noticed an orb of fire
 70767 | Zot:5    | Entered Level 5 of the Realm of Zot
 71145 | Zot:5    | Identified the +3 sling of the Extremes {drain, Str+6}
 71263 | Zot:5    | Noticed a dread lich
 71271 | Zot:5    | Killed a dread lich
 71303 | Zot:5    | Noticed a Killer Klown
 71309 | Zot:5    | Noticed a dread lich
 71312 | Zot:5    | Noticed an orb of fire
 71320 | Zot:5    | Noticed an orb of fire
 71335 | Zot:5    | Killed an orb of fire
 71384 | Zot:5    | Killed an orb of fire
 71385 | Zot:5    | Noticed an orb of fire
 71388 | Zot:5    | Noticed a dread lich
 71391 | Zot:5    | Gained mutation: You are vulnerable to cold. (rC-) [an orb
                  | of fire]
 71392 | Zot:5    | Noticed a Killer Klown
 71392 | Zot:5    | Noticed an ancient lich
 71720 | Zot:4    | Gained mutation: Your mind is acute. (Int +4, Str/Dex -1)
                  | [hidden potential]
 71720 | Zot:4    | Lost mutation: You have great hidden genetic potential.
                  | [hidden potential expressed]
 71859 | Zot:4    | Killed an orb of fire
 72215 | Zot:4    | Killed a Killer Klown
 72488 | Zot:5    | Killed a Killer Klown
 72553 | Zot:5    | Paralysed by a dread lich for 4 turns
 72559 | Zot:5    | Killed a dread lich
 72570 | Zot:5    | Killed an ancient lich
 72572 | Zot:5    | Gained mutation: You are clumsy. (Dex -2) [an orb of fire]
 72576 | Zot:5    | Gained mutation: You are occasionally teleported next to
                  | monsters. [an orb of fire]
 72579 | Zot:5    | Killed an orb of fire
 73742 | D:15     | Bought a potion of mutation for 136 gold pieces
 73742 | D:15     | Lost mutation: You are clumsy. (Dex -2) [potion of
                  | mutation]
 73742 | D:15     | Lost mutation: Your body sometimes deteriorates upon taking
                  | damage. [potion of mutation]
 73742 | D:15     | Lost mutation: You have hidden genetic potential. [potion
                  | of mutation]
 73742 | D:15     | Lost mutation: Your mind is acute. (Int +4, Str/Dex -1)
                  | [potion of mutation]
 73792 | D:14     | Lost mutation: You expend magic power (3 MP) to strengthen
                  | your wands. [potion of mutation]
 73792 | D:14     | Lost mutation: You have sharp toenails. [potion of
                  | mutation]
 73792 | D:14     | Gained mutation: You have a somewhat thin skeletal
                  | structure. (Dex +2, Stealth+) [potion of mutation]
 73792 | D:14     | Gained mutation: You have sharp fingernails. [potion of
                  | mutation]
 73792 | D:14     | Lost mutation: You have a somewhat thin skeletal structure.
                  | (Dex +2, Stealth+) [potion of mutation]
 73792 | D:14     | Gained mutation: You possess an exceptional clarity of
                  | mind. [potion of mutation]
 73969 | Crypt:3  | Lost mutation: You are vulnerable to cold. (rC-) [potion of
                  | mutation]
 73969 | Crypt:3  | Lost mutation: Your muscles are strong. (Str +4, Int/Dex
                  | -1) [potion of mutation]
 73969 | Crypt:3  | Gained mutation: You have hidden genetic potential. [potion
                  | of mutation]
 74337 | Lair:5   | Lost mutation: You have sharp fingernails. [potion of
                  | mutation]
 74337 | Lair:5   | Lost mutation: You are occasionally teleported next to
                  | monsters. [potion of mutation]
 74337 | Lair:5   | Lost mutation: You have hidden genetic potential. [potion
                  | of mutation]
 74337 | Lair:5   | Gained mutation: You are strong-willed. (Will+) [potion of
                  | mutation]
 74337 | Lair:5   | Gained mutation: You have large cloven feet. [potion of
                  | mutation]
 74337 | Lair:5   | Gained mutation: You are partially covered in iridescent
                  | scales. (AC +2) [potion of mutation]
 74337 | Lair:5   | Gained mutation: Your mind is acute. (Int +4, Str/Dex -1)
                  | [potion of mutation]
 74754 | Tomb:1   | Entered Level 1 of the Tomb of the Ancients
 75392 | Tomb:1   | Gained mutation: Your system is resistant to poisons.
                  | (rPois) [a neqoxec]
 75393 | Tomb:1   | Gained mutation: You are clumsy. (Dex -2) [a neqoxec]
 75902 | Tomb:1   | Noticed a royal mummy
 75922 | Tomb:1   | Killed a royal mummy
 76052 | Tomb:1   | Noticed a royal mummy
 76074 | Tomb:1   | Gained mutation: You are weak. (Str -2) [mutagenic glow]
 76079 | Tomb:1   | Killed a royal mummy
 76083 | Tomb:1   | Lost mutation: Your mind is acute. (Int +4, Str/Dex -1)
                  | [mutagenic glow]
 76097 | Tomb:1   | Gained mutation: Your magical capacity is low. (-10% MP)
                  | [mutagenic glow]
 77090 | D:12     | Identified the amulet of Xyasor {RegenMP Harm rPois Str-5
                  | Dex+4}
 77272 | Vaults:1 | Killed a dread lich
 77337 | Vaults:1 | Found a transporter.
 77495 | Vaults:5 | Entered Level 5 of the Vaults
 79360 | Vaults:5 | Identified the +3 halberd "Q" {antimagic, Int+4 Dex+3}
 79430 | Vaults:5 | Identified the +6 arbalest "Wivoisid" {drain, rN+ Int+2}
 79430 | Vaults:5 | Identified the ring of Reoty {rElec rF- rC+ Will+ Str+3}
 79694 | Vaults:5 | Identified the +8 dagger "Waetho" {holy, rC+ Int-3 SInv
                  | Stlth+}
 80555 | Vaults:5 | Got a silver rune of Zot
 82727 | Depths:2 | Voluntarily entered the Abyss.
 82734 | Abyss:2  | Found a corrupted altar of Lugonu.
 82805 | Abyss:3  | Found a broken altar of Ashenzari.
 82831 | Abyss:3  | Found a broken altar of Ashenzari.
 82888 | Abyss:3  | Lost mutation: You possess an exceptional clarity of mind.
                  | [a neqoxec]
 83021 | Abyss:3  | Found a corrupted altar of Lugonu.
 83056 | Abyss:3  | Got an abyssal rune of Zot
 83242 | Depths:2 | Escaped the Abyss
 83249 | Depths:2 | Bought the ring "Zuestoac" {rF+ rC+ Will+ Str+3 SInv} for
                  | 991 gold pieces
 83249 | Depths:2 | Bought the amulet "Oleoniet" {RegenMP Regen+ Str+3 SInv}
                  | for 855 gold pieces
 83361 | Depths:2 | Bought a potion of cancellation for 168 gold pieces
 83361 | Depths:2 | Bought a scroll of magic mapping for 157 gold pieces
 83361 | Depths:2 | Bought a potion of haste for 210 gold pieces
 83361 | Depths:2 | Bought a scroll of enchant armour for 157 gold pieces
 83364 | Depths:2 | Bought a scroll of fear for 84 gold pieces
 83364 | Depths:2 | Bought a scroll of magic mapping for 157 gold pieces
 83364 | Depths:2 | Bought a scroll of enchant armour for 157 gold pieces
 83377 | Depths:2 | Bought a pair of runed gloves for 345 gold pieces
 83391 | Depths:2 | Bought the +2 cloak "Werax" {rElec rC+ rCorr} for 904 gold
                  | pieces
 83448 | Depths:2 | Learned a level 1 spell: Apportation
 83452 | Depths:2 | Voluntarily entered the Abyss.
 83489 | Abyss:3  | Found a corrupted altar of Lugonu.
 83504 | Abyss:3  | Reached skill level 1 in Translocations
 83521 | Abyss:3  | Reached skill level 1 in Spellcasting
 83573 | Abyss:3  | Found a corrupted altar of Lugonu.
 83850 | Abyss:3  | Found a corrupted altar of Lugonu.
 83880 | Abyss:3  | Gained mutation: Your body sometimes deteriorates upon
                  | taking damage. [a neqoxec]
 83896 | Abyss:3  | Reached skill level 5 in Translocations
 83896 | Abyss:3  | Noticed an ancient lich
 83912 | Abyss:3  | Killed an ancient lich
 84018 | Abyss:3  | Gained mutation: Armour fits poorly on your strangely
                  | shaped body. [a shining eye]
 84025 | Abyss:3  | Gained mutation: You occasionally shout uncontrollably at
                  | your foes. [a shining eye]
 84065 | Depths:2 | Escaped the Abyss
 84248 | Vaults:5 | Lost mutation: Your body sometimes deteriorates upon taking
                  | damage. [potion of mutation]
 84248 | Vaults:5 | Lost mutation: You are weak. (Str -2) [potion of mutation]
 84248 | Vaults:5 | Lost mutation: You are clumsy. (Dex -2) [potion of
                  | mutation]
 84248 | Vaults:5 | Gained mutation: Your muscles are strong. (Str +4, Int/Dex
                  | -1) [potion of mutation]
 84248 | Vaults:5 | Gained mutation: You are dopey. (Int -2) [potion of
                  | mutation]
 84248 | Vaults:5 | Gained mutation: A frigid envelope surrounds you and
                  | freezes all who hurt you. [potion of mutation]
 84274 | Vaults:5 | Lost mutation: You are strong-willed. (Will+) [potion of
                  | mutation]
 84274 | Vaults:5 | Lost mutation: Your magical capacity is low. (-10% MP)
                  | [potion of mutation]
 84274 | Vaults:5 | Lost mutation: You are dopey. (Int -2) [potion of mutation]
 84274 | Vaults:5 | Gained mutation: Your flesh is heat resistant. (rF+)
                  | [potion of mutation]
 84274 | Vaults:5 | Gained mutation: Your flesh is cold resistant. (rC+)
                  | [potion of mutation]
 84608 | Elf:3    | Lost mutation: Your muscles are strong. (Str +4, Int/Dex
                  | -1) [potion of mutation]
 84608 | Elf:3    | Lost mutation: You have large cloven feet. [potion of
                  | mutation]
 84608 | Elf:3    | Lost mutation: Your flesh is cold resistant. (rC+) [potion
                  | of mutation]
 84884 | Lair:5   | Lost mutation: You are partially covered in iridescent
                  | scales. (AC +2) [potion of mutation]
 84884 | Lair:5   | Lost mutation: Your flesh is heat resistant. (rF+) [potion
                  | of mutation]
 84884 | Lair:5   | Lost mutation: You occasionally shout uncontrollably at
                  | your foes. [potion of mutation]
 84884 | Lair:5   | Gained mutation: You are agile. (Dex +4, Str/Int -1)
                  | [potion of mutation]
 84884 | Lair:5   | Gained mutation: You are somewhat resistant to further
                  | mutation. [potion of mutation]
 85153 | Zig:1    | Entered Level 1 of a ziggurat
 85173 | Zig:2    | Entered Level 2 of a ziggurat
 85197 | Zig:2    | Identified the +1 scale mail of Dizuak {Int+4}
 85205 | Zig:3    | Entered Level 3 of a ziggurat
 85388 | Zig:4    | Entered Level 4 of a ziggurat
 85442 | Zig:4    | Identified the +6 arbalest of Chaos {flame, rN+}
 85445 | Zig:5    | Entered Level 5 of a ziggurat
 85485 | Zig:5    | Identified the +1 ring mail "Koapluh" {Harm Will+}
 85488 | Zig:6    | Entered Level 6 of a ziggurat
 85492 | Zig:6    | Paralysed by an air elemental for 1 turns
 85538 | Zig:7    | Entered Level 7 of a ziggurat
 85622 | Zig:7    | Lost mutation: You are agile. (Dex +4, Str/Int -1) [potion
                  | of mutation]
 85622 | Zig:7    | Lost mutation: A frigid envelope surrounds you and freezes
                  | all who hurt you. [potion of mutation]
 85622 | Zig:7    | Lost mutation: Your system is resistant to poisons. (rPois)
                  | [potion of mutation]
 85626 | Zig:7    | Lost mutation: Armour fits poorly on your strangely shaped
                  | body. [potion of mutation]
 85626 | Zig:7    | Lost mutation: You are somewhat resistant to further
                  | mutation. [potion of mutation]
 85626 | Zig:7    | Gained mutation: You are vulnerable to heat. (rF-) [potion
                  | of mutation]
 85626 | Zig:7    | Gained mutation: You have a pair of small horns on your
                  | head. [potion of mutation]
 85626 | Zig:7    | Gained mutation: Your muscles are strong. (Str +4, Int/Dex
                  | -1) [potion of mutation]
 85629 | Zig:8    | Entered Level 8 of a ziggurat
 85633 | Zig:8    | Noticed a shard shrike
 85639 | Zig:8    | Killed a shard shrike
 85644 | Zig:8    | HP: 7/247 [Ice Fiend (7)]
 85644 | Zig:8    | Mangled by an Ice Fiend

Illustrated notes

Levels and vault maps discovered:
D:1:      dreamdust_arrival_sigmund_warning, layout_basic
D:2:      layout_basic, ebering_ecumenical_altar_abandoned
D:3:      layout_rooms, uniq_terence
D:4:      layout_basic, mainiacjoe_overflow_brackets, uniq_grinder, uniq_pikel
D:5:      layout_gridville, serial_shops, nicolae_shop_hallway_stairs,
          ebering_ghost_sewer_d, kennysheep_windowed_goal
D:6:      layout_basic
D:7:      nicolae_BIG_FREAKIN_CUBE, layout_cave_pools, minitemple,
          minmay_temple_entry_trees, minmay_fractal_squares_gapless_5
D:8:      layout_loops_corners, mainiacjoe_overflow_concentric_impassable,
          enter_bailey_5, nicolae_ossuary_entry_false_entrances
D:9:      layout_stronghold, hex_large, fungi_pond_lemuel
D:10:     layout_rooms, serial_glass, glass_columns_c, glass_columns_a,
          biasface_ghost_orc_armoury, minmay_crystal_room,
          nicolae_shop_unique_rings
D:11:     layout_cave_pools, minmay_lair_entry_grove, orc_david_3
D:12:     gammafunk_the_bubble [the_bubble_gammafunk_plus_minus],
          layout_loops_ring, uniq_nessos
D:13:     layout_cave_pools, special_room [special_room_orc], serial_bayou,
          serial_bayou_crossing, serial_bayou_shore_b, serial_bayou_pond_e,
          serial_bayou_pond_c
D:14:     layout_grid_maze, grunt_vaults_entry_fortified
D:15:     grunt_enter_depths_hoard, layout_irregular_city,
          portal_ice_cave_entry_ugly_swarm, serial_shops, nicolae_square_shop,
          lemuel_nasty_fountain, uniq_louise
Temple:   hellmonk_temple_divided_pantheon
Lair:1:   wander_river, layout_gridlike
Lair:2:   wad_woods_structure_01, layout_layer_cave, swamp_mist,
          spider_nest_entry_rubble, uniq_harold
Lair:3:   layout_roguey, uniq_snorg
Lair:4:   dreamdust_isle_of_ice, layout_regular_city,
          minmay_slime_entry_pillars, st_stairs_12,
          hangedman_lair_generics_rect, infiniplex_staircase_pool,
          lemuel_fruit_fields
Lair:5:   grunt_lair_end_beastmaster, layout_hall_layers
Swamp:1:  layout_falls_marsh, evilmike_swamp_ruin_house_2, swamp_pool5,
          infiniplex_staircase_pool_2
Swamp:2:  layout_basic_swamp, nicolae_swamp_fairy_circle, swamp_pool1
Swamp:3:  layout_basic_swamp, evilmike_swamp_ruin_rubble_1, uniq_donald,
          uniq_nikola
Swamp:4:  swamp_basic_johnstein, layout_basic_swamp
Spider:1: layout_cave_pods
Spider:2: layout_spider_delve, guppyfry_spider_mini_3,
          hangedman_spider_tarantella_strand, nicolae_spider_cling_halls
Spider:3: nicolae_spider_mines_2
Spider:4: grunt_spider_rune_circles, hellmonk_test_site
Slime:1:  layout_caves
Slime:2:  nicolae_slime_pool, layout_caves
Slime:3:  layout_caves
Slime:4:  layout_caves, nicolae_slime_phagocytosis
Slime:5
Orc:1:    layout_caves, basic_altar, serial_shops, nicolae_shop_window_shopping,
          nicolae_orc_sculptors_studio, mines1_david, uniq_nergalle
Orc:2:    st_orc_rangers, layout_caves, nicolae_volcano_entry_s_turn
Elf:1:    eino_elf_arrival_sip, layout_geoelf_octagon, minmay_elf_annihilation
Elf:2:    elven_hall_of_blades_hangedman_original
          [nicolae_blade_entry_antechamber], layout_geoelf_octagon,
          serial_shops, nicolae_shop_stone
Elf:3:    elf_hall, layout_geoelf_castle, basic_altar, hex_intersection
Vaults:1: v_misc_14, dpeg_vaults_monster_row, vaults_standard_mumra_lines,
          nicolae_vaults_sealed_display, nicolae_vaults_puzzle_piece,
          hangedman_vaults_corner_blocks, v_misc_27, gammafunk_sealed_library,
          v_misc_14, nicolae_vaults_rhombus_6, v_rooms_6,
          vaults_mumra_chevron_long, serial_ice_g, layout_vaults_maze_bifur
Vaults:2: hangedman_vaults_nodes, nicolae_vaults_three_branches,
          vaults_mumra_hexcomb, vaults_room_pool,
          minmay_crypt_entry_nasty_monster,
          vaults_standard_mumra_enter_the_diamond, v_misc_33, vaults_room_pool,
          vaults_mumra_minichess_inversion, nicolae_vaults_rhombus_6,
          nicolae_vaults_little_squares_5, layout_vaults_omnigrid,
          uniq_frederick
Vaults:3: vaults_dpeg_encased_lava, hangedman_vaults_nails,
          nicolae_vaults_network_square, nicolae_vaults_border_crossing,
          vaults_dpeg_ring, vaults_standard_mumra_x, v_misc_14,
          grunt_vaults_twisty, nicolae_vaults_little_squares_2,
          nicolae_vaults_yaktaur_gun_rack, nicolae_vaults_gold_heap,
          ontoclasm_vaults_fault, ontoclasm_vaults_loading_screen,
          hangedman_vaults_stretched_pinwheel, layout_vaults_omnibox
Vaults:4: nicolae_vaults_murderbox, ontoclasm_vaults_pinch,
          ontoclasm_vaults_tryst, vaults_dpeg_spiral, v_misc_33,
          hangedman_vaults_cutoff, v_misc_8, layout_vaults_chaotic_city,
          uniq_jory
Vaults:5
Crypt:1:  layout_misc_corridors, grunt_crypt_arrival_webbed,
          lemuel_upstairs_altar, uniq_margery
Crypt:2:  layout_misc_corridors, uniq_zenata, uniq_khufu, uniq_mennas
Crypt:3:  lightli_unholy_cathedral, layout_chaotic_city,
          tomb_entry_sphere_bobbens
Tomb:1
Depths:1: layout_cave_pools, grunt_hell_entry_dis_grunt,
          nicolae_ru_awakened_eye, uniq_sojobo
Depths:2: minmay_tile_spiral, layout_gridville, grunt_pan_entry_spiral,
          pf_dread_powers_of_hell, serial_sigils_hangedman_stare, abyss_entry,
          kiku_gazebo_garden_becter, infiniplex_staircase_pillars_1, uniq_mara
Depths:3: kennysheep_green_arena, layout_honeycomb, hell_entry,
          nicolae_gozag_seed_capital, abyss_entry, kennysheep_generic_room_5
Depths:4: grunt_zot_entry_gee_three, layout_long_grid, enter_ziggurat_a,
          ashenzari_conservatory_becter, hell_entry, uniq_enchantress
Zot:1:    layout_concentric_octagons, uniq_parghit
Zot:2:    lemuel_acid_trip, layout_concentric_octagons, serial_nicolae_subway,
          nicolae_sub_station_stone, nicolae_sub_station_crystal,
          nicolae_sub_station_metal
Zot:3:    layout_onion, grunt_ministairs_9
Zot:4:    layout_cathedral_of_symmetry, grunt_megastairs_4
Zot:5:    layout_onion
Zig:8

Skill      XL: |  1  2  3  4  5  6  7  8  9 10 11 12 13 14 15 16 17 18 19 20 21 22 23 24 25 26 27 |
---------------+----------------------------------------------------------------------------------+-----
Staves         | 4 5 7 8 10 11 13 14 15 16 21 | 21.6
Ranged Weapons | 1 2 |  2.0
Fighting       | 3 4 5 6 7 9 11 15 18 19 20 21 22 23 24 26 | 26.8
Evocations     | 1 2 8 10 12 14 15 16 20 | 20.3
Armour         | 3 7 9 10 12 14 15 17 19 21 22 23 24 25 26 | 26.9
Stealth        | 1 6 |  6.0
Dodging        | 4 5 6 8 10 11 12 13 18 | 18.1
Translocations | 7 |  7.0
Spellcasting   | 3 |  3.0
Throwing       | |  2.0

Action                     |  1- 3 |  4- 6 |  7- 9 | 10-12 | 13-15 | 16-18 | 19-21 | 22-24 | 25-27 || total
---------------------------+-------+-------+-------+-------+-------+-------+-------+-------+-------++-------
  Melee: Quarterstaff      |    67 |   163 |   281 |  1104 |   755 |    43 |    98 |       |       ||  2511
         Unarmed           |       |       |       |       |    16 |       |       |       |       ||    16
         Lajatang          |       |       |       |       |   634 |  1316 |  1321 |  1199 |  4056 ||  8526
         Headbutt          |       |       |       |       |       |       |       |       |     2 ||     2
   Fire: Sling             |    12 |     8 |   207 |    33 |       |       |       |       |       ||   260
  Throw: Dart              |       |     5 |     1 |    25 |    48 |    21 |     1 |       |       ||   101
         Throwing net      |       |       |     2 |     3 |       |       |       |       |     7 ||    12
 Invoke: Call Merchant     |       |       |       |       |       |       |       |       |     9 ||     9
         Bribe Branch      |       |       |       |       |       |       |       |       |     2 ||     2
  Evoke: Wand              |       |     7 |       |    20 |    16 |    12 |    11 |       |     9 ||    75
         Condenser vane    |       |       |       |     1 |     5 |     6 |     6 |     3 |    15 ||    36
         Phial of floods   |       |       |       |       |     1 |     2 |     1 |     3 |     5 ||    12
         Tin of tremorston |       |       |       |       |       |       |     3 |     4 |    29 ||    36
         Box of beasts     |       |       |       |       |       |       |       |     4 |    12 ||    16
         Lightning rod     |       |       |       |       |       |       |       |       |    17 ||    17
    Use: Scroll            |       |     9 |     2 |     7 |    14 |    13 |    15 |     9 |    36 ||   105
         Potion            |       |       |       |       |       |     5 |     1 |     2 |    26 ||    34
   Stab: Held in net/web   |       |       |     1 |     8 |       |       |       |       |     1 ||    10
         Sleeping          |       |       |       |     2 |       |       |     1 |       |     4 ||     7
         Confused          |       |       |       |     1 |     7 |       |     1 |       |       ||     9
         Distracted        |       |       |       |     1 |     4 |     5 |    10 |     6 |    23 ||    49
         Petrified         |       |       |       |       |     5 |       |       |       |       ||     5
         Petrifying        |       |       |       |       |     2 |       |       |       |       ||     2
         Invisible         |       |       |       |       |       |     3 |     2 |       |       ||     5
         Betrayed ally     |       |       |       |       |       |     1 |       |       |       ||     1
 Armour: Leather armour    |    13 |     7 |   103 |    49 |       |       |       |       |       ||   172
         Ring mail         |    20 |    33 |       |       |       |       |       |       |       ||    53
         Scale mail        |       |    13 |       |       |       |       |       |       |       ||    13
         Plate armour      |       |       |       |   460 |   640 |   473 |       |       |       ||  1573
         Chain mail        |       |       |       |       |       |   358 |   451 |       |       ||   809
         Pearl dragon scal |       |       |       |       |       |       |   217 |   422 |   863 ||  1502
         Gold dragon scale |       |       |       |       |       |       |       |       |   808 ||   808
         Skin              |       |       |       |       |       |       |       |       |    23 ||    23
  Dodge: Dodged            |    61 |    94 |   188 |   399 |   316 |   463 |   509 |   388 |  1586 ||  4004

Table legend: (Time is in decaauts)
 A = Elapsed time spent in this place.
 B = Non-inter-level travel time spent in this place.
 C = Inter-level travel time spent in this place.
 D = Time resting spent in this place.
 E = Time spent auto-exploring this place.
 F = Levels seen in this place.
 G = Mean time per level.
                   A        B        C        D        E       F      G
               +--------+--------+--------+--------+--------+-----+--------+
         Total |  80430 |  70852 |   9578 |   5765 |  45870 |  73 | 1101.8 |
       Dungeon |  18481 |  15878 |   2603 |   1316 |  10157 |  15 | 1232.1 |
        Temple |     32 |     19 |     13 |      0 |      5 |   1 |   32.0 |
          Lair |   7758 |   6522 |   1236 |    356 |   4589 |   5 | 1551.6 |
         Swamp |   3437 |   3338 |     99 |    132 |   2437 |   4 |  859.2 |
   Spider Nest |   5529 |   5312 |    217 |    522 |   3673 |   4 | 1382.2 |
    Slime Pits |   4064 |   3873 |    191 |    357 |   2456 |   5 |  812.8 |
  Orcish Mines |   2485 |   2253 |    232 |    115 |   1451 |   2 | 1242.5 |
   Elven Halls |   4506 |   4022 |    484 |    475 |   2705 |   3 | 1502.0 |
        Vaults |  10909 |   8885 |   2024 |    343 |   6785 |   5 | 2181.8 |
         Crypt |   3815 |   3050 |    765 |    112 |   1981 |   3 | 1271.7 |
          Tomb |   1916 |   1639 |    277 |    408 |    643 |   1 | 1916.0 |
        Depths |   6490 |   5556 |    934 |    581 |   3675 |   4 | 1622.5 |
           Zot |   7307 |   6808 |    499 |    583 |   4768 |   5 | 1461.4 |
         Abyss |   1358 |   1358 |      0 |     20 |    261 |   4 |  339.5 |
      Ziggurat |    393 |    393 |      0 |     31 |     79 |   8 |   49.1 |
       Ossuary |    220 |    220 |      0 |     54 |      0 |   1 |  220.0 |
        Bailey |   1185 |   1185 |      0 |    300 |     73 |   1 | 1185.0 |
      Ice Cave |    181 |    181 |      0 |     57 |     19 |   1 |  181.0 |
       Volcano |    354 |    354 |      0 |      0 |    111 |   1 |  354.0 |
               +--------+--------+--------+--------+--------+-----+--------+

Top non-repeatable levels by time:
Vaults:4: 3233 daAuts
  Lair:2: 2367 daAuts
Spider:4: 2286 daAuts
   Zot:4: 2173 daAuts
Vaults:1: 2096 daAuts
Vaults:2: 2072 daAuts
Vaults:5: 2069 daAuts
    D:14: 1945 daAuts
  Tomb:1: 1916 daAuts
Depths:2: 1914 daAuts
Depths:3: 1886 daAuts
  Lair:5: 1850 daAuts
   Elf:3: 1844 daAuts
   Zot:2: 1809 daAuts
Depths:4: 1767 daAuts
